 Dungeon Crawl Stone Soup version 0.31-a0-219-g8d62b2e7bb (webtiles) character file.

Game seed: 18039727591567545880

147 qw the Shooter (level 5, 0/30 HPs)
             Began as a Gargoyle Hexslinger on July 3, 2023.
             Slain by Terence
             ... wielding a +0 flail
              (2 damage)
             ... on level 3 of the Dungeon.
             The game lasted 00:00:46 (1798 turns).

qw the Shooter (Gargoyle Hexslinger)                Turns: 1798, Time: 00:00:47

Health: 0/30       AC: 10    Str: 11    XL:     5   Next: 29%
Magic:  6/6        EV: 10    Int: 14    God:
Gold:   92         SH:  0    Dex: 14    Spells: 5/6 levels left

rFire   . . .        Y - +1 sling (drain)
rCold   . . .        (no shield)
rNeg    + . .        q - +0 ring mail
rPois   inf          (no helmet)
rElec   +            o - +0 cloak
rCorr   .            (no gloves)
SInv    .            (no boots)
Will    .....        (no amulet)
Stlth   +            (no ring)
HPRegen 0.25/turn    (no ring)
MPRegen 0.10/turn

%: no passive effects
@: no status effects
A: sickness immunity, AC +4, negative energy resistance 1, electricity
resistance, torment resistance 1, petrification resistance
a: no special abilities


You were on level 3 of the Dungeon.
You visited 1 branch of the dungeon, and saw 3 of its levels.

You collected 92 gold pieces.


Innate Abilities, Weirdness & Mutations

You are immune to sickness and miasma.
Your stone body is resilient. (AC +4)
You are immune to poison.
You resist negative energy. (rN+)
You are resistant to electric shocks. (rElec)
You are resistant to unholy torment.
You are immune to petrification.


   Skills:
 - Level 2.0 Fighting
 + Level 4.9 Ranged Weapons
 - Level 1.0 Armour
 - Level 1.5 Dodging
 - Level 1.0 Spellcasting
 - Level 2.6 Hexes


You had 5 spell levels left.
You knew the following spells:

 Your Spells              Type           Power      Damage    Failure   Level
a - Slow                  Hex            32%        N/A       21%         1

Your spell library contained the following spells:

 Spells                   Type           Power      Damage    Failure   Level
 Inner Flame              Hex/Fire       4%         N/A       71%         3
 Portal Projectile        Hex/Tloc       8%         N/A       71%         3
 Cause Fear               Hex            4%         N/A       90%         4

Inventory:

Hand Weapons
 Y - a +1 sling of draining (weapon)
Armour
 o - a +0 cloak (worn)
 q - a +0 ring mail (worn)
Scrolls
 b - a scroll of identify
Potions
 a - a potion of magic {unknown}
 c - a potion of degeneration {unknown}
 d - a potion of mutation {unknown}
 h - 2 potions of enlightenment
 i - a potion of cancellation {unknown}
 k - a potion of brilliance {unknown}
 n - a potion of resistance {unknown}
 p - a potion of curing {unknown}

Dungeon Overview and Level Annotations

Branches:
Dungeon (3/15)

Altars:
Fedhas

Shops:
D:2 :

Annotations:
D:3 Terence


Message History

The adder is severely wounded.
The adder bites you but does no damage. The adder barely misses you.
Terence closely misses you.
You shoot a sling bullet.
The sling bullet closely misses the adder.
The adder bites you. Terence hits you but does no damage.
The adder closely misses you.
You shoot a sling bullet. The sling bullet hits the adder.
You kill the adder!
Terence hits you with a +0 flail. Terence barely misses you.
You shoot a sling bullet. The sling bullet barely misses Terence.
Terence hits you with a +0 flail. The frilled lizard bites you.
You shoot a sling bullet. The sling bullet hits Terence.
Terence is lightly wounded.
Terence barely misses you. The frilled lizard closely misses you.
You shoot a sling bullet.
The sling bullet hits Terence but does no damage.
Terence is lightly wounded.
Terence closely misses you.
The frilled lizard bites you but does no damage.
You shoot a sling bullet.
The sling bullet hits Terence but does no damage.
Terence is lightly wounded.
Terence hits you but does no damage. The frilled lizard barely misses you.
Terence hits you with a +0 flail. The frilled lizard barely misses you.
You shoot a sling bullet.
The sling bullet closely misses Terence.
The frilled lizard barely misses you. Terence hits you but does no damage.
You shoot a sling bullet.
The sling bullet hits Terence but does no damage.
Terence is lightly wounded.
Terence hits you with a +0 flail.
The frilled lizard bites you but does no damage.
You shoot a sling bullet. The sling bullet hits Terence.
You drain Terence.
Terence is severely wounded.
Terence hits you but does no damage. The frilled lizard bites you.
You shoot a sling bullet. The sling bullet barely misses Terence.
The frilled lizard completely misses you.
Terence hits you with a +0 flail.
You die...

#.#... #.... #.#...
#.... #.#... #....
#+#+###+#+#... #....
#...........## #...?
#...........## +....
#.............
#...l####.#+###'#.....
#@@..........######
#..<...#.###'######
##......#...........
..........#...........
......................
#...........#?......|..
............#..........
.####....)..#..........
#.......#..........


You could see Terence (very drained) and a frilled lizard.

Vanquished Creatures
  A scorpion (D:3)
  3 adders
  4 worms (D:3)
  5 orcs
  6 ball pythons
  3 endoplasms
  A giant cockroach (D:1)
  2 goblins (D:1)
  2 hobgoblins
  A jackal (D:2)
  A quokka (D:1)
  5 bats
  2 frilled lizards (D:1)
  4 kobolds
  5 rats
45 creatures vanquished.

Notes
Turn   | Place    | Note
-------+----------+-------------------------------------------
     0 | D:1      | qw the Gargoyle Hexslinger began the quest for the Orb.
     0 | D:1      | Reached XP level 1. HP: 12/12 MP: 2/2
     0 | D:1      | 0 ||| qw: Version: 0.3-a-40-ge99b1a8
     0 | D:1      | 0 ||| qw: Game counter: 342
     0 | D:1      | 0 ||| qw: Melee chars always use a shield: true
     0 | D:1      | 0 ||| qw: God list: Okawaru
     0 | D:1      | 0 ||| qw: Allow faded altars: false
     0 | D:1      | 0 ||| qw: Do Orc after clearing Dungeon:15 true
     0 | D:1      | 0 ||| qw: Do second Lair branch before Depths: true
     0 | D:1      | 0 ||| qw: Lair rune preference: random
     0 | D:1      | 0 ||| qw: Goals: Normal
     0 | D:1      | 0 ||| PLANNING D:1-11
   126 | D:1      | Reached XP level 2. HP: 16/16 MP: 3/3
   357 | D:1      | Reached skill level 3 in Ranged Weapons
   850 | D:1      | 850 ||| UPGRADING to +0 cloak.
   855 | D:1      | 855 ||| UPGRADING to +0 ring mail.
   865 | D:1      | 865 ||| DROPPING +0 robe.
   866 | D:1      | 866 ||| READING scroll labelled ZOQOAM HARAERR.
   867 | D:1      | 867 ||| READING scroll labelled LUASHR CI ELAORR.
   868 | D:1      | 868 ||| READING scroll labelled OCZIME XEACLE.
   869 | D:1      | 869 ||| READING scroll labelled VONEAT EMAEH.
   874 | D:1      | 874 ||| READING scroll labelled OLENAUKL RYQA.
   875 | D:1      | 875 ||| READING scroll labelled YSTIBB XOJU.
   876 | D:1      | 876 ||| DRINKING 2 amethyst potions.
   877 | D:1      | 877 ||| DROPPING scroll of poison.
   931 | D:2      | Found a blossoming altar of Fedhas.
   956 | D:2      | Reached XP level 3. HP: 21/21 MP: 4/4
  1001 | D:2      | Found a faded altar of an unknown god.
  1014 | D:2      | Reached skill level 1 in Armour
  1183 | D:2      | Found Gaawn's Book Shop.
  1447 | D:2      | 1447 ||| DRINKING 2 golden potions.
  1488 | D:2      | 1488 ||| DROPPING potion of lignification.
  1551 | D:3      | Reached XP level 4. HP: 26/26 MP: 5/5
  1634 | D:3      | Noticed a scorpion
  1648 | D:3      | Killed a scorpion
  1649 | D:3      | Reached skill level 4 in Ranged Weapons
  1649 | D:3      | Reached XP level 5. HP: 12/30 MP: 6/6
  1777 | D:3      | 1777 ||| READING scroll of brand weapon.
  1777 | D:3      | 1777 ||| BRANDING +1 sling of chaos.
  1782 | D:3      | Noticed Terence
  1791 | D:3      | HP: 6/30 [Terence/+0 flail (6)]
  1796 | D:3      | HP: 3/30 [Terence/+0 flail (3)]
  1797 | D:3      | HP: 1/30 [frilled lizard (2)]
  1798 | D:3      | Slain by Terence

Levels and vault maps discovered:
D:1:      heliophobic_arrival_henge, layout_basic, grunt_decor_clamped
D:2:      layout_basic, serial_shops, shop, basic_altar,
          shapermc_ecumenical_altar_flowoftime, solitary_fountain
D:3:      layout_basic, grunt_ministairs_10, minmay_misc_feat_tower,
          nicolae_wormholes, uniq_terence

Skill      XL: |  1  2  3  4 |
---------------+-------------+-----
Ranged Weapons | 3 4 |  4.9
Fighting       | 2 |  2.0
Armour         | 1 |  1.0
Dodging        | |  1.5
Spellcasting   | |  1.0
Hexes          | |  2.6

Action                     |  1- 3 |  4- 6 || total
---------------------------+-------+-------++-------
   Fire: Sling             |   136 |    60 ||   196
    Use: Scroll            |     6 |     1 ||     7
         Potion            |     2 |       ||     2
 Armour: Robe              |    23 |       ||    23
         Ring mail         |    13 |    22 ||    35
  Dodge: Dodged            |    43 |    26 ||    69

Table legend:
 A = Non-vault XP
 B = Vault XP
 C = Vault XP percentage of total XP
 D = Non-vault monster count
 E = Vault monster count
 F = Vault count percentage of total count
                 A         B        C        D         E       F
            +---------+---------+-------+---------+---------+-------
      Total |     190 |      20 |   9.5 |      41 |       4 |   8.9
            +---------+---------+-------+---------+---------+-------
        D:1 |      32 |       0 |   0.0 |      21 |       0 |   0.0
        D:2 |      47 |       0 |   0.0 |      13 |       0 |   0.0
        D:3 |     111 |      20 |  15.3 |       7 |       4 |  36.4
            +---------+---------+-------+---------+---------+-------
